 Dungeon Crawl Stone Soup version 0.25-a0-1079-g858b6a6ff6 (webtiles) character file.

Game seed: 18308510468146215226, levelgen mode: classic

7 Amnesiac the Shield-Bearer (level 1, -2/13 HPs)
             Began as a Deep Elf Fighter on May 15, 2020.
             Slain by a kobold
             ... wielding a +0 short sword
              (4 damage)
             ... on level 1 of the Dungeon.
             The game lasted 00:00:24 (81 turns).

Amnesiac the Shield-Bearer (Deep Elf Fighter)         Turns: 81, Time: 00:00:25

Health: -2/13      AC:  6    Str: 13    XL:     1   Next: 91%
Magic:  3/3        EV:  6    Int: 12    God:
Gold:   12         SH:  8    Dex: 14    Spells: 0/0 levels left

rFire    . . .     SeeInvis .   a - +0 war axe
rCold    . . .     Gourm    .   c - +0 kite shield
rNeg     . . .     Faith    .   b - +0 scale mail
rPois    .         Spirit   .   (no helmet)
rElec    .         Reflect  .   (no cloak)
rCorr    .         Harm     .   (no gloves)
MR       .....                  (no boots)
Stlth    ..........             (no amulet)
HPRegen  0.04/turn              (no ring)
MPRegen  0.08/turn              (no ring)

@: no status effects
A: no striking features
a: no special abilities


You were on level 1 of the Dungeon.
You were not hungry.

You visited 1 branch of the dungeon, and saw 1 of its levels.

You collected 12 gold pieces.

Inventory:

Hand Weapons
 a - a +0 war axe (weapon)
Armour
 b - a +0 scale mail (worn)
 c - a +0 kite shield (worn)
Scrolls
 e - a scroll of fear {!r, unknown}
Potions
 d - a potion of might {!q}
 g - a potion of stabbing {!q, unknown}
 h - a potion of heal wounds {!q, unknown}
 i - 2 potions of curing {!q, unknown}
Comestibles
 f - a ration
 j - 4 chunks of flesh


   Skills:
 + Level 2.4 Fighting
 - Level 2.0 Axes
 + Level 2.4 Armour
 + Level 0.5 Dodging
 - Level 2.4 Shields


You couldn't memorise any spells.
You didn't know any spells.
Your spell library was empty.

Dungeon Overview and Level Annotations

Branches:
Dungeon (1/15)

Altars:


Message History

You see here a goblin corpse.
The bat hits you.
You hit the bat.
The bat is moderately wounded.
You block the bat's attack.
You hit the bat.
You kill the bat!
Training target 2.0 for Axes reached!
Your Axes skill increases to level 2!
You need to enable at least one skill for training.
You see here a goblin corpse.
You butcher the goblin corpse.
j - 3 chunks of flesh You see here a goblin skeleton.
A rat comes into view.
You see here a bat corpse.
You butcher the bat corpse.
Things that are here:
a chunk of flesh; a bat skeleton
j - 4 chunks of flesh (gained 1)
The rat twitches its whiskers.
The rat bites you but does no damage.
You hit the rat.
You kill the rat!
Found a silvery potion.
A hobgoblin comes into view. It is wielding a +0 club.
The hobgoblin shouts!
The hobgoblin hits you but does no damage.
You slash the hobgoblin!
You kill the hobgoblin!
A kobold comes into view. It is wielding a +0 short sword.
The kobold shouts!
The kobold throws a stone.
The stone hits you but does no damage.
Found a silvery potion.
Items here: ! ( ) † a stone; a +0 club; a silvery potion {!q}; a hobgoblin corpse The kobold throws a stone.
You block the stone.
You see here a stone.
The kobold throws a stone.
The stone barely misses you. You block the kobold's attack.
Found a stone staircase leading down.
Your shield and scale mail prevent you from hitting the kobold.
The kobold hits you but does no damage.
The kobold hits you with a +0 short sword.
You closely miss the kobold.
The kobold hits you with a +0 short sword.
* * * LOW HITPOINT WARNING * * *
You closely miss the kobold. You block the kobold's attack.
The kobold hits you but does no damage.
You miss the kobold. The kobold closely misses you.
You closely miss the kobold. You block the kobold's attack.
The kobold hits you but does no damage.
You barely miss the kobold.
The kobold hits you with a +0 short sword.
* * * LOW HITPOINT WARNING * * *
You are too injured to fight recklessly!
You are too injured to fight recklessly!
You are too injured to fight recklessly!
You are too injured to fight recklessly!
You are too injured to fight recklessly!
You are too injured to fight recklessly!
You barely miss the kobold.
The kobold hits you with a +0 short sword.
You die...

#### #.........#
######.........#
.........>.....#
####.#.........#
#.##........# .
####..##### ..
#...((.# ..
##.###.###.####
... #..
#.@.......
##..#..K......
#...........
###....!...>
##........
#........
#........
#####.###


You could see a kobold.

Vanquished Creatures
  A bat (D:1)
  A giant cockroach (D:1)
  A goblin (D:1)
  A hobgoblin (D:1)
  3 rats (D:1)
7 creatures vanquished.

Notes
Turn   | Place    | Note
-------+----------+-------------------------------------------
     0 | D:1      | Amnesiac the Deep Elf Fighter began the quest for the Orb.
     0 | D:1      | Reached XP level 1. HP: 13/13 MP: 3/3
    81 | D:1      | Slain by a kobold

Illustrated notes

Levels and vault maps discovered:
D:1:      minmay_arrival_open_corners, layout_rooms, minmay_fountain_box

Skill      XL: |  1 |
---------------+----+-----
Axes           | 2 |  2.0
Fighting       | |  2.4
Armour         | |  2.4
Dodging        | |  0.5
Shields        | |  2.4

Action                   || total
-------------------------++-------
Melee: War axe           ||    17
Armor: Scale mail        ||    10
Dodge: Dodged            ||     3
Block: Kite shield       ||     6

Table legend:
 A = Non-vault XP
 B = Vault XP
 C = Vault XP percentage of total XP
 D = Non-vault monster count
 E = Vault monster count
 F = Vault count percentage of total count
                 A         B        C        D         E       F
            +---------+---------+-------+---------+---------+-------
      Total |      11 |       0 |   0.0 |       7 |       0 |   0.0
            +---------+---------+-------+---------+---------+-------
        D:1 |      11 |       0 |   0.0 |       7 |       0 |   0.0
            +---------+---------+-------+---------+---------+-------
